 Dungeon Crawl Stone Soup version 0.31-a0-408-gb642c7f9a3 (webtiles) character file.

Game seed: 3328402320066378579

15 shadowstone the Conjurer (level 2, 0/17 HPs)
             Began as a Gargoyle Reaver on July 29, 2023.
             Slain by a bat (1 damage)
             ... on level 1 of the Dungeon.
             The game lasted 00:01:06 (248 turns).

shadowstone the Conjurer (Gargoyle Reaver)           Turns: 248, Time: 00:01:07

Health: 0/17       AC:  5    Str: 15    XL:     2   Next: 50%
Magic:  5/5        EV: 11    Int: 13    God:
Gold:   34         SH:  0    Dex:  8    Spells: 4/5 levels left

rFire   . . .        c - +1 short sword (speed)
rCold   . . .        (no shield)
rNeg    + . .        b - +0 leather armour
rPois   ∞            (no helmet)
rElec   +            (no cloak)
rCorr   .            (no gloves)
SInv    .            (no boots)
Will    .....        (no amulet)
Stlth   +            (no ring)
HPRegen 0.22/turn    (no ring)
MPRegen 0.09/turn

%: no passive effects
@: no status effects
A: sickness immunity, AC +2, negative energy resistance 1, electricity
resistance, torment resistance 1, petrification resistance
a: no special abilities


You were on level 1 of the Dungeon.
You visited 1 branch of the dungeon, and saw 1 of its levels.

You collected 34 gold pieces.

Inventory:

Hand Weapons
 a - a +0 falchion
 c - a +1 short sword of speed (weapon)
Armour
 b - a +0 leather armour (worn)
Scrolls
 d - a scroll of identify {unknown}
 e - a scroll of immolation {unknown}


   Skills:
 + Level 2.2 Fighting
 + Level 0.2(1.8) Short Blades
 + Level 2.9(3.0) Long Blades
 + Level 0.4 Armour
 + Level 1.8 Dodging
 + Level 2.1 Spellcasting
 + Level 3.4 Conjurations


You had 4 spell levels left.
You knew the following spells:

 Your Spells              Type           Power      Damage    Failure   Level
a - Kiss of Death         Conj/Necr      20%        2d7       16%         1

Your spell library contained the following spells:

 Spells                   Type           Power      Damage    Failure   Level
 Momentum Strike          Conj/Tloc      10%        3d8       24%         2
 Hailstorm                Conj/Ice       5%         3d4       43%         3


Dungeon Overview and Level Annotations

Branches:
Dungeon (1/15)

Altars:


Innate Abilities, Weirdness & Mutations

You are immune to sickness and miasma.
Your stone body is resilient. (AC +2)
You are immune to poison.
You resist negative energy. (rN+)
You are resistant to electric shocks. (rElec)
You are resistant to unholy torment.
You are immune to petrification.


Message History

You closely miss the bat. The bat closely misses you.
The endoplasm closely misses you.
You hit the bat.
The bat is moderately wounded.
The bat hits you but does no damage.
You barely miss the ball python. Your punch misses the ball python.
The bat hits you but does no damage. x2; The endoplasm misses you.
The ball python bites you.
* * * LOW HITPOINT WARNING * * *
The ball python misses you.
You closely miss the ball python. The bat closely misses you.
The endoplasm closely misses you.
You hit the ball python.
You kill the ball python!
The bat hits you.
* * * LOW HITPOINT WARNING * * *
The bat hits you.
* * * LOW HITPOINT WARNING * * *
You closely miss the ball python. The bat hits you but does no damage.
The ball python misses you. The ball python grabs you.
The ball python constricts you.
The endoplasm hits you but does no damage.
You hit the ball python. You punch the ball python.
You kill the ball python!
The bat hits you.
* * * LOW HITPOINT WARNING * * *
You closely miss the quokka. The endoplasm closely misses you.
The bat hits you but does no damage. The quokka barely misses you.
You miss the quokka. The bat hits you but does no damage.
The quokka bites you but does no damage.
The bat barely misses you.
The endoplasm hits you but does no damage.
You hit the quokka.
The quokka is moderately wounded.
The bat hits you but does no damage. The quokka bites you.
* * * LOW HITPOINT WARNING * * *
You hit the quokka.
The quokka is severely wounded.
The bat hits you.
You die...

.# ##
###########
†.........#
#########.# #.#
#.# #.#
#########
#.###..b@...####
#.....##rJ......
#####...)##...##
#..##..# ..#
#.##"#$(# ..# #.
.. $#.. .# #...#
!..#..# ##.#
#$## # #. ##


You could see an endoplasm, a quokka and a bat.

Vanquished Creatures
  A dart slug (D:1)
  2 ball pythons (D:1)
  An endoplasm (D:1)
  3 goblins (D:1)
  3 kobolds (D:1)
  A bat (D:1)
  A rat (D:1)
12 creatures vanquished.

Notes
Turn   | Place    | Note
-------+----------+-------------------------------------------
     0 | D:1      | shadowstone the Gargoyle Reaver began the quest for the
                  | Orb.
     0 | D:1      | Reached XP level 1. HP: 12/12 MP: 3/3
   192 | D:1      | Reached XP level 2. HP: 17/17 MP: 5/5
   248 | D:1      | Slain by a bat

Illustrated notes

Levels and vault maps discovered:
D:1:      saegor_arrival_miasma, layout_loops_ring, minmay_pentomino_w4

Action                     || total
---------------------------++-------
  Melee: Short sword       ||    40
         Falchion          ||     4
         Punch             ||     1
 Armour: Leather armour    ||    31
  Dodge: Dodged            ||    24

Table legend: (Time is in decaauts)
 A = Elapsed time spent in this place.
 B = Non-inter-level travel time spent in this place.
 C = Inter-level travel time spent in this place.
 D = Time resting spent in this place.
 E = Time spent auto-exploring this place.
 F = Levels seen in this place.
 G = Mean time per level.
                   A        B        C        D        E       F      G
               +--------+--------+--------+--------+--------+-----+--------+
         Total |    232 |    211 |     21 |      0 |     46 |   1 |  232.0 |
       Dungeon |    232 |    211 |     21 |      0 |     46 |   1 |  232.0 |
               +--------+--------+--------+--------+--------+-----+--------+

Top non-repeatable levels by time:
     D:1: 232 daAuts
